[Event "Reykjavik Open 2022"]
[Site "Reykjavik"]
[Date "2022.04.10"]
[Round "6.47"]
[White "Cherniack, Alex"]
[Black "Jonsson, Kristjan Dagur"]
[Result "1-0"]
[ECO "B12"]
[WhiteElo "2213"]
[BlackElo "1797"]
[Annotator "NA RC"]
[PlyCount "37"]
[EventDate "2022.04.06"]
[EventCountry "ISL"]
[SourceTitle "playchess.com"]
[Source "ChessBase"]
[SourceQuality "1"]
[TimeControl "40/5400+30:1800+30"]

1. e4 c6 2. d4 d5 3. e5 Bf5 4. Nc3 e6 5. g4 Bg6 6. Nge2 c5 7. Be3 Nc6 8. dxc5 Nxe5 9. Nf4 Nf6 10. Bb5+ Nfd7 11. Qe2 Qh4 12. O-O-O Qxg4 13. Bxd7+ Kxd7 14. Qb5+ Kc7 15. Nfxd5+ exd5 16. Nxd5+ Kb8 17. Qe8+ Qc8 18. Qxe5+ Bd6 19. Qxd6+ 1-0

[Event "Reykjavik Open 2022"]
[Site "Reykjavik"]
[Date "2022.04.10"]
[Round "6.48"]
[White "Roe, Simon J"]
[Black "Labrovic, Jakov"]
[Result "1-0"]
[ECO "E10"]
[WhiteElo "2211"]
[BlackElo "1806"]
[Annotator "NA RC"]
[PlyCount "63"]
[EventDate "2022.04.06"]
[EventCountry "ISL"]
[SourceTitle "playchess.com"]
[Source "ChessBase"]
[SourceQuality "1"]
[TimeControl "40/5400+30:1800+30"]

1. Nf3 Nc6 2. d4 d5 3. c4 e6 4. e3 Nf6 5. a3 a5 6. Nc3 Be7 7. Bd3 O-O 8. O-O Re8 9. Qc2 Bf8 10. Rd1 g6 11. e4 dxe4 12. Nxe4 Nxe4 13. Bxe4 Bg7 14. Be3 Bd7 15. Bg5 Qc8 16. Qd2 Ne7 17. Bh6 Ba4 18. Re1 c5 19. Bxg7 Kxg7 20. h4 h5 21. d5 exd5 22. cxd5 f5 23. Bb1 Ng8 24. Qc3+ Nf6 25. Ba2 b6 26. Rxe8 Bxe8 27. Re1 Qd8 28. Ng5 Bd7 29. d6 Qf8 30. Re7+ Qxe7 31. dxe7 Re8 32. Qe5 1-0

[Event "Reykjavik Open 2022"]
[Site "Reykjavik"]
[Date "2022.04.10"]
[Round "6.49"]
[White "Ptacnikova, Lenka"]
[Black "Finnsson, Johann Arnar"]
[Result "1-0"]
[ECO "B15"]
[WhiteElo "2173"]
[BlackElo "1805"]
[Annotator "NA RC"]
[PlyCount "69"]
[EventDate "2022.04.06"]
[EventCountry "ISL"]
[SourceTitle "playchess.com"]
[Source "ChessBase"]
[SourceQuality "1"]
[TimeControl "40/5400+30:1800+30"]

1. e4 g6 2. d4 Bg7 3. Nc3 c6 4. f4 d5 5. e5 f6 6. Be2 fxe5 7. fxe5 Nh6 8. Nf3 O-O 9. O-O Na6 10. Bxa6 bxa6 11. Na4 Nf7 12. Be3 Rb8 13. b3 Qc7 14. Qd2 Rb5 15. Rae1 Qa5 16. c3 Qc7 17. Rf2 Bf5 18. Ref1 a5 19. h3 h5 20. Nh4 e6 21. Nc5 Qe7 22. Nf3 Re8 23. Nh2 Nxe5 24. dxe5 Bxe5 25. g4 hxg4 26. hxg4 Bxh2+ 27. Rxh2 Bxg4 28. Qg2 Bf5 29. Bd4 e5 30. Rxf5 exd4 31. Qxg6+ Qg7 32. Qxg7+ Kxg7 33. Rg2+ Kh6 34. Rf6+ Kh5 35. Ne6 1-0

[Event "Reykjavik Open 2022"]
[Site "Reykjavik"]
[Date "2022.04.10"]
[Round "6.50"]
[White "Ragnarsson, Johann"]
[Black "Solnicki, Michal"]
[Result "1-0"]
[ECO "D35"]
[WhiteElo "1919"]
[BlackElo "2182"]
[Annotator "RC"]
[PlyCount "171"]
[EventDate "2022.04.06"]
[EventCountry "ISL"]
[SourceTitle "playchess.com"]
[Source "ChessBase"]
[SourceQuality "1"]
[TimeControl "40/5400+30:1800+30"]

1. d4 Nf6 2. c4 e6 3. Nc3 d5 4. cxd5 exd5 5. Bg5 Be7 6. e3 O-O 7. Bd3 h6 8. Bh4 Re8 9. Qc2 b6 10. Nge2 Ba6 11. Bxa6 Nxa6 12. Rd1 Qd7 13. O-O c6 14. f3 Nc7 15. Bf2 Rad8 16. e4 dxe4 17. fxe4 Ng4 18. Ng3 Bh4 19. Qe2 Nd5 20. Qf3 Bxg3 21. Qxg3 Nxc3 22. bxc3 Rxe4 23. h3 Nxf2 24. Rxf2 Qd6 25. Qf3 Qe6 26. Rdf1 Rd7 27. Qg3 Re3 28. Rf3 Rxf3 29. Qxf3 Re7 30. Kh1 Qe2 31. Qf5 Qe6 32. Qf3 Qe4 33. Qg3 Kh7 34. Qd6 Qe6 35. Qxe6 fxe6 36. Re1 Kg6 37. Kg1 Kf5 38. Kf2 e5 39. Kf3 Kf6 40. Rd1 exd4 41. Rxd4 Ke6 42. h4 Rd7 43. Re4+ Kd6 44. Kg4 Re7 45. Rd4+ Ke6 46. Kh5 Kf7 47. g4 c5 48. Rd6 Rc7 49. g5 hxg5 50. hxg5 b5 51. a3 Ke7 52. Ra6 Kf7 53. g6+ Ke7 54. Kg5 Kd7 55. Kf5 c4 56. Ke5 Rb7 57. Kd5 Ke7 58. Kc6 Rb8 59. Rxa7+ Kf6 60. Ra6 Ke5 61. Kc5 Ke4 62. Ra7 Kd3 63. Kb4 Rg8 64. Rb7 Ra8 65. Rxb5 Ra6 66. Rd5+ Ke4 67. Rg5 Kd3 68. Rg3+ Kc2 69. a4 Rf6 70. a5 Rc6 71. Kb5 Rc8 72. Kb4 Kb2 73. Rg2+ Kc1 74. a6 Kb1 75. Kb5 Rb8+ 76. Kxc4 Rb6 77. a7 Ra6 78. Kb5 Rxa7 79. c4 Kc1 80. c5 Kd1 81. Kb6 Ra3 82. c6 Rb3+ 83. Kc7 Ke1 84. Kc8 Kf1 85. Rd2 Rf3 86. Rd6 1-0

[Event "Reykjavik Open 2022"]
[Site "Reykjavik"]
[Date "2022.04.10"]
[Round "6.51"]
[White "Gudmundsson, Gunnar Erik"]
[Black "Louis, Thibault"]
[Result "1-0"]
[ECO "E36"]
[WhiteElo "1906"]
[BlackElo "2181"]
[Annotator "NA RC"]
[PlyCount "65"]
[EventDate "2022.04.06"]
[EventCountry "ISL"]
[SourceTitle "playchess.com"]
[Source "ChessBase"]
[SourceQuality "1"]
[TimeControl "40/5400+30:1800+30"]

1. d4 Nf6 2. c4 e6 3. Nc3 Bb4 4. Qc2 d5 5. a3 Be7 6. cxd5 exd5 7. Bg5 h6 8. Bh4 O-O 9. e3 b6 10. Bd3 c5 11. Nge2 Nc6 12. O-O Be6 13. dxc5 bxc5 14. Rad1 Qc8 15. Bxf6 Bxf6 16. Nxd5 Bxb2 17. Qxb2 Bxd5 18. Bh7+ Kxh7 19. Rxd5 f5 20. Rxc5 Qd7 21. Qb5 Nb8 22. Qc4 Qe7 23. Nd4 Nd7 24. Rxf5 Qxa3 25. Rxf8 Rxf8 26. Nb5 Qe7 27. Nxa7 Nf6 28. Nb5 Qe5 29. Qd3+ Kh8 30. Qd6 Qe8 31. Nd4 Ne4 32. Qe6 Qa8 33. Qc6 1-0

[Event "Reykjavik Open 2022"]
[Site "Reykjavik"]
[Date "2022.04.10"]
[Round "6.52"]
[White "Schmidt, Kai-Uwe"]
[Black "Domalchuk-Jonasson, Aleksandr"]
[Result "0-1"]
[ECO "A46"]
[WhiteElo "1904"]
[BlackElo "2162"]
[Annotator "NA RC"]
[PlyCount "60"]
[EventDate "2022.04.06"]
[EventCountry "ISL"]
[SourceTitle "playchess.com"]
[Source "ChessBase"]
[SourceQuality "1"]
[TimeControl "40/5400+30:1800+30"]

1. d4 Nf6 2. Nf3 e6 3. Bg5 h6 4. Bxf6 Qxf6 5. e4 d6 6. Nc3 g6 7. Qd2 Bg7 8. O-O-O Qe7 9. Kb1 Nd7 10. h4 O-O 11. e5 dxe5 12. dxe5 Nxe5 13. Nxe5 Bxe5 14. Qxh6 Qb4 15. Qe3 Bxc3 16. Qxc3 Qxc3 17. bxc3 Kg7 18. f4 b6 19. Bd3 Bb7 20. Rh2 Rad8 21. Re1 Rh8 22. Re3 Rh5 23. g4 Ra5 24. Rf2 Kf6 25. h5 gxh5 26. g5+ Kg7 27. Rh2 Rh8 28. Reh3 e5 29. f5 e4 30. Be2 Rxf5 0-1

[Event "Reykjavik Open 2022"]
[Site "Reykjavik"]
[Date "2022.04.10"]
[Round "6.53"]
[White "Haraldsson, Haraldur"]
[Black "Wichtrup, Jan-Louis"]
[Result "1/2-1/2"]
[ECO "A30"]
[WhiteElo "1936"]
[BlackElo "2155"]
[Annotator "NA RC"]
[PlyCount "61"]
[EventDate "2022.04.06"]
[EventCountry "ISL"]
[SourceTitle "playchess.com"]
[Source "ChessBase"]
[SourceQuality "1"]
[TimeControl "40/5400+30:1800+30"]

1. Nf3 b6 2. c4 Bb7 3. e3 g6 4. Nc3 Nf6 5. b3 Bg7 6. Bb2 O-O 7. Be2 c5 8. O-O Nc6 9. d4 cxd4 10. exd4 d5 11. Ne5 dxc4 12. Bf3 Qc8 13. Bxc6 Bxc6 14. bxc4 Ne4 15. Nxe4 Bxe4 16. Qe2 Bb7 17. Rac1 Rd8 18. Rfe1 Qc7 19. d5 Re8 20. h4 Qc8 21. Rc3 Bxe5 22. Qxe5 f6 23. Qf4 b5 24. d6 Qc6 25. f3 Qxd6 26. Qxd6 exd6 27. Rxe8+ Rxe8 28. cxb5 Re2 29. Ba3 Rxa2 30. Bxd6 Rb2 31. Rc5 1/2-1/2

[Event "Reykjavik Open 2022"]
[Site "Reykjavik"]
[Date "2022.04.10"]
[Round "6.54"]
[White "Zheng, Harry Z"]
[Black "Decosse, Jean-Fabien"]
[Result "1/2-1/2"]
[ECO "B07"]
[WhiteElo "1718"]
[BlackElo "2156"]
[Annotator "RC"]
[PlyCount "129"]
[EventDate "2022.04.06"]
[EventCountry "ISL"]
[SourceTitle "playchess.com"]
[Source "ChessBase"]
[SourceQuality "1"]
[TimeControl "40/5400+30:1800+30"]

1. e4 d6 2. d4 Nf6 3. Nc3 e5 4. dxe5 dxe5 5. Qxd8+ Kxd8 6. Bc4 Bb4 7. Bd2 Ke7 8. O-O-O c6 9. Nf3 Nbd7 10. Nd5+ Nxd5 11. exd5 Bd6 12. dxc6 bxc6 13. Ng5 Nb6 14. Bb3 Nd5 15. c4 Nf6 16. Nxf7 Kxf7 17. c5+ Be6 18. Bxe6+ Kxe6 19. cxd6 Nd5 20. Rhe1 Rhf8 21. Re2 Rf7 22. g3 Kxd6 23. Bc3 Re8 24. f4 e4 25. Be5+ Rxe5 26. fxe5+ Kxe5 27. Kd2 h5 28. a3 g5 29. Rc1 Rf6 30. Rc4 e3+ 31. Kd3 h4 32. gxh4 Nf4+ 33. Kxe3 Nxe2 34. Kxe2 Rh6 35. Rc5+ Kd4 36. Rxg5 Rxh4 37. Rg2 Rh3 38. Kf2 a5 39. Kg1 Kc4 40. Rf2 Kb3 41. Kg2 Rh8 42. Re2 c5 43. Kg3 Rg8+ 44. Kf4 Rh8 45. Kg5 Rg8+ 46. Kf6 Rh8 47. Ke7 c4 48. Kd7 a4 49. Kc6 Rh5 50. Kb6 c3 51. bxc3 Kxa3 52. c4 Kb4 53. Re4 Rh6+ 54. Kb7 Kc5 55. h4 a3 56. Re3 Rh7+ 57. Kb8 Kb4 58. Rxa3 Kxa3 59. c5 Rh8+ 60. Kb7 Rh7+ 61. Kb8 Rxh4 62. c6 Rb4+ 63. Ka7 Rc4 64. Kb7 Rxc6 65. Kxc6 1/2-1/2

[Event "Reykjavik Open 2022"]
[Site "Reykjavik"]
[Date "2022.04.10"]
[Round "6.55"]
[White "Hughes, Anthony"]
[Black "Marie, Maxime"]
[Result "0-1"]
[ECO "A22"]
[WhiteElo "1873"]
[BlackElo "2175"]
[Annotator "NA RC"]
[PlyCount "84"]
[EventDate "2022.04.06"]
[EventCountry "ISL"]
[SourceTitle "playchess.com"]
[Source "ChessBase"]
[SourceQuality "1"]
[TimeControl "40/5400+30:1800+30"]

1. c4 e5 2. Nc3 Nf6 3. g3 Bc5 4. Nf3 d6 5. Bg2 a6 6. O-O Nc6 7. e3 Ba7 8. d4 Bg4 9. h3 Bxf3 10. Bxf3 Qd7 11. Kh2 O-O 12. d5 Nd8 13. Qd3 g6 14. e4 Kg7 15. Bg5 Ng8 16. b4 Bd4 17. Be3 Bxe3 18. Qxe3 f5 19. c5 Nf7 20. a4 Nf6 21. b5 f4 22. c6 fxe3 23. cxd7 Nxd7 24. Bg4 Nc5 25. fxe3 Ng5 26. bxa6 bxa6 27. Kg2 Ngxe4 28. Nxe4 Nxe4 29. a5 Nc5 30. Be2 Rxf1 31. Rxf1 Rb8 32. Kf3 Rb2 33. Ra1 e4+ 34. Kf2 Kf6 35. g4 Ke5 36. Rd1 Nd3+ 37. Kf1 Kxd5 38. Bxd3 exd3 39. Rxd3+ Ke4 40. Rc3 c5 41. h4 Kf3 42. Ke1 Re2+ 0-1

[Event "Reykjavik Open 2022"]
[Site "Reykjavik"]
[Date "2022.04.10"]
[Round "6.56"]
[White "Anand, Vignesh"]
[Black "Garbuz, Vitaliy"]
[Result "1/2-1/2"]
[ECO "D31"]
[WhiteElo "1882"]
[BlackElo "2122"]
[Annotator "NA RC"]
[PlyCount "52"]
[EventDate "2022.04.06"]
[EventCountry "ISL"]
[SourceTitle "playchess.com"]
[Source "ChessBase"]
[SourceQuality "1"]
[TimeControl "40/5400+30:1800+30"]

1. c4 e6 2. Nc3 d5 3. d4 a6 4. cxd5 exd5 5. Qb3 c6 6. Nf3 Be7 7. Bf4 Nf6 8. h3 O-O 9. e3 Bd6 10. Ne5 Re8 11. Bd3 c5 12. Nxd5 Bxe5 13. dxe5 Nxd5 14. O-O-O Nxf4 15. Bxh7+ Kxh7 16. Rxd8 Rxd8 17. exf4 Kg8 18. f5 Nc6 19. f6 Nxe5 20. Qg3 Nd3+ 21. Kb1 g6 22. Qe3 Bf5 23. g4 Ne1+ 24. Kc1 Nd3+ 25. Kb1 Ne1+ 26. Kc1 Nd3+ 1/2-1/2

[Event "Reykjavik Open 2022"]
[Site "Reykjavik"]
[Date "2022.04.10"]
[Round "6.57"]
[White "Karlsson, Mikael Johann"]
[Black "Haugen, Lars Tormod"]
[Result "1-0"]
[ECO "A37"]
[WhiteElo "2119"]
[BlackElo "1710"]
[Annotator "NA RC"]
[PlyCount "71"]
[EventDate "2022.04.06"]
[EventCountry "ISL"]
[SourceTitle "playchess.com"]
[Source "ChessBase"]
[SourceQuality "1"]
[TimeControl "40/5400+30:1800+30"]

1. c4 c5 2. Nc3 Nc6 3. g3 g6 4. Bg2 Bg7 5. Nf3 e6 6. d3 Nge7 7. Bg5 h6 8. Bd2 O-O 9. O-O d5 10. cxd5 exd5 11. Qc1 Kh7 12. Rb1 b6 13. Na4 Bb7 14. b4 cxb4 15. Bxb4 Nxb4 16. Rxb4 Qd7 17. Qd1 d4 18. Rb1 Nd5 19. Qb3 Rfe8 20. Nc5 Qe7 21. Nxb7 Qxb7 22. Ng5+ hxg5 23. Bxd5 Qe7 24. Bxa8 Rxa8 25. Rb2 Be5 26. Qd5 Rd8 27. Qe4 f5 28. Qc6 Bd6 29. Rc2 Bc5 30. Rb1 g4 31. Rb5 Rd6 32. Qc8 Rd8 33. Qc6 Rd6 34. Qg2 Re6 35. Rcxc5 bxc5 36. Rb7 1-0

[Event "Reykjavik Open 2022"]
[Site "Reykjavik"]
[Date "2022.04.10"]
[Round "7.1"]
[White "Andersen, Mads"]
[Black "Praggnanandhaa R"]
[Result "1/2-1/2"]
[ECO "B22"]
[WhiteElo "2570"]
[BlackElo "2612"]
[Annotator "TA"]
[PlyCount "32"]
[EventDate "2022.04.06"]
[EventCountry "ISL"]
[SourceTitle "playchess.com"]
[Source "ChessBase"]
[SourceQuality "1"]
[TimeControl "40/5400+30:1800+30"]

1. e4 c5 2. c3 Nf6 3. e5 Nd5 4. Nf3 d6 5. exd6 e6 6. g3 Bxd6 7. Bg2 Nc6 8. O-O O-O 9. d4 cxd4 10. Nxd4 Nxd4 11. Qxd4 {[%emt 0:00:12] The position is equal.} Qc7 {[%emt 0:00:34] B22: Sicilian: 2 c3.} 12. c4 $1 {[%emt 0:00:38][%mdl 4] now scores much better than the old 12.Nd2.} Nf6 13. Nc3 {[%emt 0:00:25] [#] Black must now prevent Nb5.} Bd7 14. Nb5 Bxb5 15. cxb5 Rfd8 {[%emt 0:06:51][%cal Od6g3] [#] Strongly threatening ...Bxg3!} 16. Qd3 $146 ({Predecessor:} 16. Qc3 Nd5 17. Qb3 Be5 18. Bg5 Rd7 19. Rfd1 h6 20. Rac1 Nc3 21. bxc3 Rxd1+ 22. Rxd1 hxg5 23. c4 Rc8 {½-½ (23) Vazquez,G (2545)-Santos Latasa,J (2640) Mexico City 2022}) 16... Rac8 {[%emt 0:15:51] An uneventful encounter.  Weighted Error Value: White=0.00 (flawless) /Black=0.00 (flawless)} 1/2-1/2

[Event "Reykjavik Open 2022"]
[Site "Reykjavik"]
[Date "2022.04.10"]
[Round "7.2"]
[White "Hjartarson, Johann"]
[Black "Warmerdam, Max"]
[Result "0-1"]
[ECO "E94"]
[WhiteElo "2470"]
[BlackElo "2607"]
[Annotator "TA"]
[PlyCount "72"]
[EventDate "2022.04.06"]
[EventCountry "ISL"]
[SourceTitle "playchess.com"]
[Source "ChessBase"]
[SourceQuality "1"]
[TimeControl "40/5400+30:1800+30"]

1. c4 Nf6 2. Nc3 g6 3. d4 Bg7 4. e4 d6 5. Nf3 O-O 6. Be2 e5 7. O-O exd4 8. Nxd4 Re8 9. f3 c6 10. Nc2 Na6 11. Kh1 h6 $5 {[%emt 0:00:23][%mdl 4] An interesting side line. E94: King's Indian: Classical: 6 Be2 e5 7 0-0: Various Black 7th moves.} 12. Be3 (12. Qd2 {with more complications.} Nh5 13. Rd1 Qh4 14. Qe1) 12... d5 {[%emt 0:01:56] [#]} 13. exd5 $146 ({Predecessor:} 13. cxd5 cxd5 14. exd5 Nb4 15. Nxb4 Rxe3 16. Qd2 Re8 17. Bb5 Re5 18. Nd3 Rg5 19. Bc4 {1-0 (29) Saric,A (2474)-Rykov,I (2334) Pula 2006}) 13... cxd5 {[%emt 0:00:59] White is slightly better.} 14. Bf2 Nc7 15. c5 Bd7 (15... Nh5 {looks sharper.} 16. g3 Bh3 17. Re1 Qg5) 16. Qd2 a5 17. Rfe1 Bc6 18. Bf1 Nd7 19. Rxe8+ Qxe8 20. Re1 Qf8 21. Bg3 Ne6 22. Bd6 Qd8 23. Nxd5 Ndxc5 24. Ne7+ Kh7 25. Nxc6 (25. Ne3 {feels hotter.} Bxb2 26. Qxb2 Qxd6 27. Ng4) 25... bxc6 26. b3 $2 {[%emt 0:07:33][%mdl 8192] [#] This move loses the game for White.} (26. Rd1 $15) 26... Ra7 $1 $19 27. Bf4 Rd7 28. Qe3 {[%emt 0:02:02] [#]} Nd3 {[%emt 0:00:56] Inhibits Be5.} 29. Bxd3 Rxd3 30. Qe4 Nxf4 31. Qxf4 Rd2 32. Ne3 Rxa2 $40 {[%emt 0:00:31][%mdl 128] Threatens to win with ...Qd2. Black is out for blood.} 33. Nc4 $2 ({Don't go for} 33. Qxf7 $2 Qd2 34. Rg1 Qxe3 $19) (33. h3) 33... Qd3 34. h3 Qc2 {[%emt 0:01:36][%csl Ga2][%cal Rc2g2] Black is clearly winning.} 35. Rg1 Qxb3 36. Ne5 Ra4 {[%emt 0:03:47] Weighted Error Value: White=0.42/Black=0.05 (flawless)} 0-1

[Event "Reykjavik Open 2022"]
[Site "Reykjavik"]
[Date "2022.04.10"]
[Round "7.3"]
[White "Beerdsen, Thomas"]
[Black "Idani, Pouya"]
[Result "0-1"]
[ECO "B90"]
[WhiteElo "2508"]
[BlackElo "2621"]
[Annotator "TA"]
[PlyCount "68"]
[EventDate "2022.04.06"]
[EventCountry "ISL"]
[SourceTitle "playchess.com"]
[Source "ChessBase"]
[SourceQuality "1"]
[TimeControl "40/5400+30:1800+30"]

1. e4 c5 2. Nf3 d6 3. d4 cxd4 4. Nxd4 Nf6 5. Nc3 a6 6. h4 {[%emt 0:00:06] B90: Sicilian Najdorf: Unusual White 6th moves, 6 Be3 Ng4 and 6 Be3 e5.} e5 7. Nb3 Be7 8. Be2 {[%emt 0:00:21] The position is equal.} b5 9. g4 h6 {[%emt 0:01:20] [#]} 10. Rg1 $146 {[%emt 0:16:31] aiming for g5.} ({Predecessor:} 10. a4 b4 11. Nd5 Bb7 12. Be3 Nxd5 13. exd5 Nd7 14. Bf3 a5 15. Qd2 Nf6 16. Rg1 e4 {0-1 (46) Pandurevic,M (2177)-Zaja,I (2466) Hum na Sutli 2019}) 10... Bb7 $1 11. g5 hxg5 12. hxg5 Nxe4 13. Nxe4 Bxe4 14. Bf3 Bc6 15. Bd5 (15. g6 $15) 15... g6 $17 16. Qf3 Bxd5 17. Qxd5 Nd7 18. Be3 Rc8 19. O-O-O Qc7 20. Qd2 Rh4 21. Kb1 Nb6 22. Rh1 $2 {[%emt 0:13:49] This costs White the game.} (22. Qd3 $15) 22... Rxh1 23. Rxh1 Nc4 24. Qd3 Nxe3 25. fxe3 Bxg5 26. Nd2 Qc6 27. Rh8+ Ke7 28. Rh7 {[%emt 0:01:05] [#]} (28. Rxc8 {was the only chance.} Qxc8 29. Ne4) 28... Bxe3 $1 $19 29. Ne4 {[%emt 0:01:13] [#]} (29. a3 Bxd2) 29... d5 30. Nc3 d4 31. Ne4 Qc4 {[%emt 0:05:07] ( -> ...Qxd3)} 32. Qd1 d3 33. Nc3 dxc2+ 34. Kxc2 b4 {[%emt 0:00:57] Weighted Error Value: White=0.79/Black=0.03 (flawless)} 0-1

[Event "Reykjavik Open 2022"]
[Site "Reykjavik"]
[Date "2022.04.10"]
[Round "7.4"]
[White "Laurent-Paoli, Pierre"]
[Black "Gukesh D"]
[Result "1/2-1/2"]
[ECO "D38"]
[WhiteElo "2483"]
[BlackElo "2614"]
[Annotator "TA"]
[PlyCount "111"]
[EventDate "2022.04.06"]
[EventCountry "ISL"]
[SourceTitle "playchess.com"]
[Source "ChessBase"]
[SourceQuality "1"]
[TimeControl "40/5400+30:1800+30"]

1. d4 Nf6 2. c4 e6 3. Nf3 d5 4. Nc3 Bb4 5. cxd5 exd5 6. Bg5 h6 7. Bh4 Bf5 8. Qb3 Nc6 9. e3 g5 10. Bg3 Ne4 (10... O-O $11) 11. Bb5 (11. Nd2 $1 $16) 11... O-O $11 12. O-O Bxc3 (12... Nxg3 13. hxg3 Bxc3 14. Bxc6 (14. Qxc3 Ne7 $11) (14. bxc3 Na5 $11) 14... Bxb2 15. Qxb2 $16) 13. bxc3 Na5 14. Qb2 c6 15. Be2 b5 16. Nd2 Nxg3 17. hxg3 Nc4 18. Qc1 Nb6 19. Nb3 Na4 20. Qd2 Qe7 21. Rae1 a5 22. f3 b4 23. c4 Be6 24. cxd5 Bxd5 25. e4 Be6 26. f4 Nc3 27. Bd3 a4 28. Nc5 $1 Bxa2 29. e5 Rad8 ({Black should play} 29... a3 $1 $17 30. Qf2 Bd5 31. fxg5 Qxg5) 30. Qf2 $2 (30. fxg5 $11 {and White is okay.} Qxg5 31. Rf4) 30... Bd5 $2 (30... a3 $1 $19 31. Ra1 (31. fxg5 Qxg5 32. Ra1 Bd5 $19) 31... Bd5 32. fxg5 Qxg5) 31. g4 $2 (31. Qb2 $1 $11 {and White stays safe.}) 31... a3 $1 $19 32. Qg3 {[%emt 0:01:51] [#]} (32. f5 $142 f6 33. Kh1) 32... f6 (32... Bc4 $142 $1 33. Bxc4 Rxd4) 33. e6 $19 Ba2 $2 (33... a2 $1 $17 34. Qf2 Nb5) 34. Qf2 (34. Qh3 $1 $16 ) 34... b3 35. Nd7 b2 36. fxg5 hxg5 (36... fxg5 $2 37. Nxf8 b1=Q 38. Ng6 $18 (38. Rxb1 Bxb1 39. Ng6 Qxe6 $14)) 37. Qd2 $2 (37. Nxf8 $11 {and White has nothing to worry.} Rxf8 38. Qf5) 37... Bxe6 $4 (37... Qb4 38. Nxf6+ Kh8 39. Qxg5 Qxd4+ 40. Kh1 Rxf6 41. Qh5+ Kg8 42. Qh7+ Kf8 43. e7+ Ke8 44. Bg6+ Kd7 45. exd8=Q+ Kxd8 46. Re8#) (37... Nd5 $1 $19 {and all is fine. Hoping for ...Nf4.} 38. Nxf8 Rxf8) 38. Nxf8 $18 b1=Q $2 (38... b1=N {might work better.} 39. Qe3 (39. Bxb1 Nxb1 40. Qc2 Rxf8 $14) 39... Rxf8) 39. Ng6 $18 (39. Bxb1 Nxb1 40. Qc1 (40. Rxb1 Rxf8 41. Rfe1 Qd6 $11) 40... Rxf8 $16) (39. Rxe6 Qxf1+ 40. Kxf1 Qa7 41. Qxc3 a2 $18) 39... Qf7 (39... Ne2+ $2 40. Qxe2 Qbb7 41. Nxe7+) (39... Qd6 $142 40. Bxb1 Nxb1) 40. Bxb1 $18 (40. Rxb1 Nxb1 41. Qa5 (41. Rxb1 a2 $17) (41. Bxb1 Qa7 $11) 41... Re8 $16) 40... Nxb1 {[%emt 0:00:00] [#]} 41. Qa5 $1 (41. Rxb1 Qxg6 42. Qa5 Re8 $16) 41... Rc8 {[%emt 0:06:01] [#]} 42. Rxe6 $2 (42. Qc5 $1 {Ne7+ is the strong threat.} a2 (42... Re8 43. Ne5) 43. Ne7+ Kg7 44. Nxc8) 42... Qxe6 $18 43. Rxb1 $2 (43. Re1 $18 Qxg4 44. Ne7+ Kf7 45. Nxc8 Qxd4+ 46. Kf1 Qd3+ 47. Kf2 (47. Kg1 Qd4+ 48. Kf1 Qd3+ 49. Kg1 Qd4+ $16) 47... Qd4+ 48. Re3 Qf4+ 49. Rf3 Qd4+ 50. Re3 Qf4+ 51. Ke2 (51. Rf3 Qd4+ 52. Re3 $18) 51... Qg4+ 52. Ke1 Qh4+ 53. g3 Qh1+ 54. Kf2 Qh2+ 55. Kf3 Qh1+ 56. Kg4 Qd1+ 57. Rf3 Qd7+ 58. Qf5) 43... Re8 $11 44. Qxa3 Kg7 45. Ne5 fxe5 46. Rb7+ Kg8 $1 47. Qh3 Qg6 48. Qb3+ Qe6 49. Qh3 Qg6 ({Don't play} 49... Re7 50. Rb8+ Re8 51. Rxe8+ (51. Rb7 Re7 $14) 51... Qxe8 52. Qe3 $14) 50. dxe5 Rxe5 51. Rb8+ Re8 52. Qb3+ Kf8 53. Qf3+ Kg8 54. Qb3+ Kf8 55. Qf3+ Kg8 56. Qb3+ 1/2-1/2

[Event "Reykjavik Open 2022"]
[Site "Reykjavik"]
[Date "2022.04.10"]
[Round "7.5"]
[White "Fier, Alexandr"]
[Black "Jarmula, Lukasz"]
[Result "1/2-1/2"]
[ECO "C24"]
[WhiteElo "2583"]
[BlackElo "2434"]
[Annotator "TA"]
[PlyCount "88"]
[EventDate "2022.04.06"]
[EventCountry "ISL"]
[SourceTitle "playchess.com"]
[Source "ChessBase"]
[SourceQuality "1"]
[TimeControl "40/5400+30:1800+30"]

1. e4 e5 2. Bc4 Nf6 3. d3 Bc5 4. Nf3 d6 5. O-O O-O 6. c3 Bb6 7. Bg5 {[%emt 0:01:22][%cal Bc1g5,Bg5h4,Bh4g3][%mdl 32] C24: Bishop's Opening: 2...Nf6.} h6 8. Bh4 Nbd7 9. Nbd2 Re8 10. Re1 Nf8 {[%emt 0:02:54] [#]} 11. d4 $146 ({Predecessor:} 11. Qb3 Qe7 12. Nf1 Ng6 13. Bg3 Nh5 14. Ne3 Nxg3 15. hxg3 Be6 16. Nd5 {½-½ (16) Lehmann,M (1926)-Kornick,U (1926) Germany 2014}) 11... Ng6 12. Bg3 Nh7 13. a4 {[%emt 0:02:12] [#] And now a5 would win.} a6 14. Bb3 Qf6 15. Nc4 Ba7 16. Ne3 c6 17. Qc2 Ng5 (17... Nf4 $5 ) 18. Nxg5 hxg5 19. Rad1 Nf4 20. dxe5 dxe5 21. Nf5 Bc5 {[%emt 0:07:56] Against Rd6} 22. a5 Nh5 23. Bc4 Be6 24. Bxe6 Qxe6 25. Qd2 Qf6 26. b4 Rad8 27. Qe2 Nxg3 28. hxg3 Ba7 29. Ne3 Rxd1 30. Rxd1 Rd8 {[%emt 0:01:47] Prevents Rd7.} 31. Rxd8+ Qxd8 32. Nc4 Qf6 33. Qd2 g6 34. Nb6 Bxb6 35. axb6 $11 {[%emt 0:00:04][%mdl 4096] [#] Endgame Qd7 is the strong threat. KQ-KQ} Qe7 {[%emt 0:00:16] Prevents Qd7.} 36. c4 f6 37. c5 Kf7 38. g4 Kg7 39. g3 Kf7 {[%emt 0:00:30] The position is equal.} 40. Kg2 Kg7 41. Kf3 Kf7 42. Ke3 Kg7 43. Kf3 Kf7 44. Ke3 Kg7 {[%emt 0:00:05] A balanced but interesting game.  Weighted Error Value: White=0.07 (flawless) /Black=0.07 (flawless)} 1/2-1/2

[Event "Reykjavik Open 2022"]
[Site "Reykjavik"]
[Date "2022.04.10"]
[Round "7.6"]
[White "Clarke, Brandon G I"]
[Black "Cornette, Matthieu"]
[Result "0-1"]
[ECO "C02"]
[WhiteElo "2430"]
[BlackElo "2571"]
[Annotator "TA"]
[PlyCount "40"]
[EventDate "2022.04.06"]
[EventCountry "ISL"]
[SourceTitle "playchess.com"]
[Source "ChessBase"]
[SourceQuality "1"]
[TimeControl "40/5400+30:1800+30"]

1. e4 e6 2. d4 d5 3. e5 c5 4. c3 Nc6 5. Nf3 Bd7 6. Bd3 cxd4 {[%emt 0:01:38] C02: French: Advance Variation.} 7. O-O dxc3 8. Nxc3 Nge7 {[%emt 0:00:19] Black is slightly better.} 9. Bg5 {[%emt 0:03:19] Black must now prevent Nb5.} Qb8 (9... a6 $15) 10. Re1 $11 Ng6 11. Rc1 h6 12. Be3 Ngxe5 13. Nxe5 Nxe5 {[%emt 0:01:18][%cal Bc6e5,Be5d3,Bd3c1][%mdl 32] [#]} 14. Nxd5 $146 {[%emt 0:18:04] [#] And now Nc7+ would win.} ({Predecessor:} 14. Bb5 Bd6 15. Bd4 Nc6 16. Nxd5 Kf8 17. Nc3 Nxd4 18. Qxd4 Bxb5 19. Nxb5 Bxh2+ 20. Kh1 {0-1 (45) Mamedov,R (2656)-Rapport,R (2763) Baku 2021}) 14... Bd6 {[%emt 0:02:06] Inhibits Nc7+.} 15. Bd4 {[%emt 0:08:45][%cal Of2f4] Hoping for f4!} Bc6 16. Qh5 $2 {[%emt 0:11:28][%mdl 8192] Now White is beyond hope.} Nxd3 $19 17. Rxe6+ {[%emt 0:00:20] [#]} Kf8 $1 {[%emt 0:00:16][%cal Be8f8,Bf8g7,Bg7f8][%mdl 32] Black is clearly winning.} 18. Qf5 (18. Qg4 $142 Rg8 19. Rc3) 18... Nxc1 19. Bxg7+ Kxg7 20. Rg6+ Kf8 {[%emt 0:00:00] Weighted Error Value: White=1.26/Black=0.05 (flawless)} 0-1